 Dungeon Crawl Stone Soup version 0.29.1-15-g9cfb28693d (webtiles) character file.

Game seed: 3169895262156624087

865 112233 the Destroyer (level 8, 0/44 HPs)
             Began as a Tengu Conjurer on Feb 24, 2023.
             Slain by a gnoll sergeant
             ... wielding a +3 vampiric trident
              (11 damage)
             ... on level 5 of the Dungeon.
             The game lasted 00:03:09 (5392 turns).

112233 the Destroyer (Tengu Conjurer)               Turns: 5392, Time: 00:03:10

Health: 0/44       AC:  2    Str:  7    XL:     8   Next: 3%
Magic:  1/17       EV: 15    Int: 21    God:
Gold:   301        SH:  0    Dex: 13    Spells: 11/18 levels left

rFire   + . .      SeeInvis .   o - +9 great sword "Earthworm" {holy, rF+ rC+}
rCold   + . .      Faith    .   (shield currently unavailable)
rNeg    . . .      Spirit   .   a - +0 robe
rPois   .          Reflect  .   (helmet restricted)
rElec   .          Harm     .   (no cloak)
rCorr   .          Rampage  .   (no gloves)
Will    .....                   (boots unavailable)
Stlth   ++........              (no amulet)
HPRegen 0.14/turn               (no ring)
MPRegen 0.15/turn               (no ring)

@: flying quickly and evasively, quick
A: beak, talons 3, nimble flight
a: no special abilities


You were on level 5 of the Dungeon.
You visited 1 branch of the dungeon, and saw 5 of its levels.

You collected 301 gold pieces.

Inventory:

Hand Weapons
 o - the +9 great sword "Earthworm" (weapon) {holy, rF+ rC+}
   (You took it off a hobgoblin on level 4 of the Dungeon)

   It has been blessed by the Shining One to cause great damage to the undead
   and demons.
   rF:        It protects you from fire.
   rC:        It protects you from cold.
Armour
 a - a +0 robe (worn)
Jewellery
 e - a +6 ring of intelligence
 p - a ring of willpower
Wands
 i - a wand of iceblast (6)
 u - a wand of mindburst (11)
Scrolls
 f - a scroll of noise {unknown}
 j - a scroll of brand weapon {unknown}
 k - a scroll of enchant weapon {unknown}
 l - a scroll of vulnerability {unknown}
 n - a scroll of summoning {unknown}
 r - 2 scrolls of blinking {unknown}
 t - a scroll of immolation {unknown}
 v - 2 scrolls of teleportation {unknown}
 w - a scroll of identify {unknown}
 x - a scroll of fear {unknown}
Potions
 b - 2 potions of magic
 c - 2 potions of haste {unknown}
 d - a potion of mutation {unknown}
 g - a potion of flight
 h - a potion of cancellation {unknown}
 m - 3 potions of ambrosia {unknown}
 q - a potion of brilliance {unknown}
 s - 2 potions of heal wounds {unknown}
 z - a potion of berserk rage {unknown}


   Skills:
 + Level 1.9 Fighting
 + Level 3.2 Dodging
 - Level 2.1 Stealth
 + Level 5.6 Spellcasting
 + Level 9.2 Conjurations


You had 11 spell levels left.
You knew the following spells:

 Your Spells              Type           Power      Damage    Failure   Level
a - Magic Dart            Conj           100%       1d8       1%          1
b - Searing Ray           Conj           88%        2d7       1%          2
c - Iskenderun's Mystic   Conj/Tloc      25%        2d7       16%         4

Your spell library contained the following spells:

 Spells                   Type           Power      Damage    Failure   Level
 Dazzling Flash           Conj/Hex       50%        N/A       4%          3
 Stone Arrow              Conj/Erth      50%        3d10      4%          3
 Fulminant Prism          Conj/Hex       12%        3d9       16%         4
 Summon Guardian Golem    Hex/Summ       5%         N/A       30%         3
 Tukima's Dance           Hex            5%         N/A       30%         3
 Animate Armour           Summ/Erth      10%        N/A       71%         4
 Passage of Golubria      Tloc           5%         N/A       71%         4
 Orb of Destruction       Conj           22%        9d8       89%         7
 Yara's Violent Unravell  Hex/Tmut       2%         3d3       96%         5
 Spellforged Servitor     Conj/Summ      12%        N/A       100%        7
 Lehudib's Crystal Spear  Conj/Erth      12%        10d4      100%        8


Dungeon Overview and Level Annotations

Branches:
Dungeon (5/15)
 Temple: D:4-7

Altars:
Cheibriados


Innate Abilities, Weirdness & Mutations

You have a beak for a mouth.
You have claws for feet.
Your magical nature lets you fly swiftly and evasively.


Message History

The gnoll is severely wounded.
The gnoll sergeant closely misses you.
A gnoll comes into view. It is wielding a +0 whip.
The searing ray hits the gnoll sergeant.
The gnoll sergeant is severely wounded.
The searing ray hits the gnoll.
The gnoll is almost dead.
The searing ray hits the gnoll!
The gnoll is almost dead.
You finish channelling your searing ray.
The gnoll sergeant hits you from afar with a +3 vampiric trident!
The gnoll sergeant draws strength from your wounds!
Casting: Searing Ray (safe; 1% risk of failure)
Confirm with . or Enter, or press ? or * to list all spells.
Aiming: Searing Ray (safe; 1% risk of failure)
Press: ? - help, Shift-Dir - straight line, f/p - gnoll sergeant
Aim: a gnoll sergeant, wielding a +3 vampiric trident, wearing a +0 ring mail and wearing a +0 kite shield (severely wounded, 89% to hit)
The searing ray hits the gnoll sergeant.
The gnoll sergeant is almost dead. (Press . to maintain the ray.)
The gnoll shouts!
The gnoll sergeant hits you from afar with a +3 vampiric trident!
The gnoll sergeant draws strength from your wounds!
The searing ray hits the gnoll sergeant!
The gnoll sergeant is almost dead.
The searing ray hits the gnoll.
You kill the gnoll!
The searing ray hits the gnoll.
You kill the gnoll!
The gnoll sergeant hits you from afar with a +3 vampiric trident!
* * * LOW HITPOINT WARNING * * *
The gnoll sergeant draws strength from your wounds!
Unknown command.
Unknown command.
The searing ray hits the gnoll sergeant.
The gnoll sergeant is almost dead.
The searing ray hits the gnoll!
You kill the gnoll!
The gnoll sergeant hits you from afar with a +3 vampiric trident!
You die...

.. #. #.## ..# #)#
#)# #g# #######
#.# #.....# #@#
#.....# # #.#
#.....# . #.#
###.....#####.
#.###.............
#..^........####..
##..~~~...........
#.~≈≈≈~#####.#.#.
#.~≈.≈~# #...#.
#.~≈~≈~# ##....


You could see a gnoll sergeant.

Vanquished Creatures
  Sigmund (D:2)
  4 phantoms (D:4)
  2 necrophages (D:4)
  A hound (D:5)
  Jessica (D:2)
  An iguana (D:4)
  2 orc wizards (D:4)
  4 gnolls (D:5)
  5 adders
  An ufetubus (D:5)
  2 worms
  A dart slug (D:5)
  4 orcs (D:4)
  2 endoplasms (D:4)
  2 giant cockroaches
  8 goblins
  6 hobgoblins
  3 jackals
  4 kobolds
  2 quokkas (D:4)
  7 ball pythons
  6 bats
  2 frilled lizards
  3 rats
74 creatures vanquished.

Notes
Turn   | Place    | Note
-------+----------+-------------------------------------------
     0 | D:1      | 112233 the Tengu Conjurer began the quest for the Orb.
     0 | D:1      | Reached XP level 1. HP: 10/10 MP: 4/4
   716 | D:1      | Reached XP level 2. HP: 15/15 MP: 3/6
  1048 | D:1      | Learned a level 2 spell: Searing Ray
  1154 | D:2      | Noticed Jessica
  1161 | D:2      | Killed Jessica
  1162 | D:2      | Reached skill level 6 in Conjurations
  1162 | D:2      | Reached XP level 3. HP: 19/19 MP: 1/8
  1565 | D:2      | Noticed Sigmund
  1574 | D:2      | Killed Sigmund
  1575 | D:2      | Reached skill level 7 in Conjurations
  1575 | D:2      | Reached XP level 4. HP: 1/24 MP: 0/11
  1575 | D:2      | Gained mutation: Your magical nature lets you fly swiftly
                  | and evasively. [Tengu growth]
  1575 | D:2      | Reached XP level 5. HP: 1/28 MP: 0/12
  1989 | D:2      | Reached XP level 6. HP: 32/32 MP: 8/13
  2939 | D:3      | Found a faded altar of an unknown god.
  3337 | D:4      | Reached skill level 8 in Conjurations
  3681 | D:4      | Reached skill level 5 in Spellcasting
  3681 | D:4      | Reached XP level 7. HP: 36/36 MP: 4/15
  3722 | D:4      | Learned a level 4 spell: Iskenderun's Mystic Blast
  4116 | D:4      | Identified the +9 great sword "Earthworm" {holy, rF+ rC+}
  4377 | D:4      | Reached skill level 1 in Fighting
  4377 | D:4      | Reached skill level 9 in Conjurations
  4966 | D:5      | Entered Level 5 of the Dungeon
  5355 | D:5      | Found a snail-covered altar of Cheibriados.
  5383 | D:5      | Reached XP level 8. HP: 44/44 MP: 9/17
  5392 | D:5      | Slain by a gnoll sergeant

Illustrated notes

Levels and vault maps discovered:
D:1:      co_arrival_random_square_maze, layout_basic
D:2:      layout_rooms, serial_forest, infiniplex_forest_clump_small,
          infiniplex_forest_end_1, infiniplex_forest_straight_3,
          infiniplex_forest_straight_5, infiniplex_forest_clump_tiny,
          infiniplex_forest_straight_3, infiniplex_forest_lined_corner,
          infiniplex_forest_clump_long, infiniplex_forest_zigzag_1,
          uniq_sigmund, uniq_jessica
D:3:      layout_loops_corners, shapermc_ecumenical_altar_ellora
D:4:      layout_loops_corners, amcnicky_mini_rare_corridor_liquid
D:5:      layout_rooms, kennysheep_slug_shrine,
          nicolae_dithmenos_through_a_glass_darkly, marbit_many_paths

Skill      XL: |  1  2  3  4  5  6  7 |
---------------+----------------------+-----
Conjurations   | 6 7 8 9 |  9.2
Spellcasting   | 4 5 |  5.6
Fighting       | 1 |  1.9
Dodging        | 3 |  3.2
Stealth        | |  2.1

Action                   |  1- 3 |  4- 6 |  7- 9 || total
-------------------------+-------+-------+-------++-------
Melee: Great sword       |       |       |    20 ||    20
       Unarmed           |       |       |     3 ||     3
       Kick              |       |       |     3 ||     3
       Peck              |       |       |     1 ||     1
 Cast: Magic Dart        |    35 |    56 |    52 ||   143
       Searing Ray       |     3 |     5 |     8 ||    16
  Use: Potion            |     3 |       |       ||     3
Armor: Robe              |       |     1 |     4 ||     5
Dodge: Dodged            |     3 |    12 |    39 ||    54
